 Dungeon Crawl Stone Soup version 0.28.0-43-g3370ac3207 (webtiles) character file.

Game seed: 12363654974613880438

132 demenzo the Skirmisher (level 5, 0/57 HPs)
             Began as an Ogre Berserker on Mar 26, 2022.
             Was a Believer of Trog.
             Slain by a black bear (1 damage)
             ... on level 4 of the Dungeon.
             The game lasted 00:04:07 (3196 turns).

demenzo the Skirmisher (Ogre Berserker)             Turns: 3196, Time: 00:04:08

Health: 0/57       AC:  5    Str: 21    XL:     5   Next: 15%
Magic:  5/5        EV: 10    Int:  8    God:    Trog [**....]
Gold:   97         SH:  0    Dex: 10    Spells: 4/4 levels left

rFire   . . .      SeeInvis .   a - +0 mace (protect)
rCold   + . .      Faith    .   (no shield)
rNeg    . . .      Spirit   .   b - +0 animal skin
rPois   .          Reflect  .   j - +2 hat
rElec   .          Harm     .   (no cloak)
rCorr   +          Rampage  .   (gloves unavailable)
Will    ++...                   (boots unavailable)
Stlth   +.........              (no amulet)
HPRegen 1.19/turn               d - ring of protection from cold
MPRegen 0.09/turn               k - ring of resist corrosion

@: strong-willed, on berserk cooldown, regenerating, slowed, very slow
A: large, unfitting armour, tough skin 1
a: Renounce Religion, Berserk, Trog's Hand


You were on level 4 of the Dungeon.
You worshipped Trog.
Trog was pleased with you.
You visited 1 branch of the dungeon, and saw 4 of its levels.

You collected 97 gold pieces.

Inventory:

Hand Weapons
 a - a +0 mace of protection (weapon)
Missiles
 e - 157 stones (quivered)
 g - 17 bolts
 h - 4 poisoned darts
 l - 4 atropa-tipped darts
 w - 2 curare-tipped darts
Armour
 b - a +0 animal skin (worn)
 j - a +2 hat (worn)
Jewellery
 d - a ring of protection from cold (left hand)
 k - a ring of resist corrosion (right hand)
Scrolls
 t - a scroll of blinking {unknown}
 v - a scroll of teleportation {unknown}
Potions
 f - 2 potions of heal wounds
 m - a potion of ambrosia
 o - a potion of lignification {unknown}
 q - a potion of brilliance {unknown}
 r - a potion of degeneration {unknown}
 s - a potion of curing {unknown}
 u - a potion of invisibility {unknown}


   Skills:
 + Level 5.1 Fighting
 * Level 4.1 Maces & Flails
 + Level 3.4 Dodging


You had 4 spell levels left.
You didn't know any spells.
Your spell library was empty.

Dungeon Overview and Level Annotations

Branches:
Dungeon (4/15)             Temple (0/1) D:4

Altars:
Dithmenos
Sif Muna

Portals:
Sewer: D:4


Innate Abilities, Weirdness & Mutations

You are too large for most types of armour.
You have tough skin. (AC +1)


Message History

The black bear bites you but does no damage.
The black bear completely misses you. The black bear claws you.
The adder skeleton bites you but does no damage.
The black bear barely misses you.
The black bear claws you but does no damage. x2
You thump the adder skeleton!
You destroy the adder skeleton!
Trog accepts your kill. The black bear closely misses you. x3
Unknown command.
The black bear bites you but does no damage.
The black bear claws you but does no damage.
The black bear barely misses you.
Found a glowing drain.
The black bear closely misses you. The black bear barely misses you.
The black bear closely misses you.
A river rat comes into view.
The river rat twitches its whiskers.
The black bear barely misses you. The black bear claws you.
* * * LOW HITPOINT WARNING * * *
The black bear claws you but does no damage.
The river rat bites you.
* * * LOW HITPOINT WARNING * * *
The river rat misses you.
You enter the shallow water.
Moving in this stuff is going to be slow.
The black bear bites you but does no damage.
The black bear claws you but does no damage.
The black bear misses you. The river rat barely misses you.
The black bear misses you. The black bear closely misses you.
The black bear claws you but does no damage.
Your skin crawls.
You feel strong-willed.
You hear the rusting of a drain.
The river rat bites you.
* * * LOW HITPOINT WARNING * * *
The black bear bites you!
* * * LOW HITPOINT WARNING * * *
The black bear claws you.
You die...

#..# #....
##*######..######.#
#.,.h......)......#
#.**######.########
#.* #.............,
##.###.############*
#≈.....# #≈≈rh..#
#≈≈@≈..# #≈≈≈≈..#
#∩≈≈≈≈.# ########


You could see a black bear and a river rat.

Vanquished Creatures
  A hound (D:4)
  5 adders
  An adder skeleton (D:4)
  A worm (D:2)
  A dart slug (D:2)
  2 orcs (D:3)
  A ball python (D:4)
  6 endoplasms
  2 giant cockroaches
  A goblin (D:3)
  8 hobgoblins
  A quokka (D:3)
  3 bats
  A frilled lizard (D:2)
  7 kobolds
  6 rats
47 creatures vanquished.

Notes
Turn   | Place    | Note
-------+----------+-------------------------------------------
     0 | D:1      | demenzo the Ogre Berserker began the quest for the Orb.
     0 | D:1      | Reached XP level 1. HP: 24/24 MP: 1/1
     1 | D:1      | Found a shimmering blue altar of Sif Muna.
   325 | D:1      | Reached XP level 2. HP: 18/32 MP: 2/2
   843 | D:1      | Found a faded altar of an unknown god.
  1075 | D:2      | Reached XP level 3. HP: 40/40 MP: 3/3
  1532 | D:2      | Reached XP level 4. HP: 45/49 MP: 4/4
  1791 | D:3      | Found a shadowy altar of Dithmenos.
  1947 | D:3      | Reached ** piety under Trog
  3074 | D:4      | Reached skill level 5 in Fighting
  3074 | D:4      | Reached XP level 5. HP: 44/57 MP: 5/5
  3172 | D:4      | Noticed a black bear
  3190 | D:4      | Found a glowing drain.
  3196 | D:4      | HP: 1/57 [black bear (7)]
  3196 | D:4      | Slain by a black bear

Illustrated notes

Levels and vault maps discovered:
D:1:      sevenhm_arrival_forest_fort_small_6, layout_rooms,
          shapermc_ecumenical_altar_mp_urbaneastern, serial_bayou_pond_d,
          hangedman_decor_growths
D:2:      layout_rooms
D:3:      layout_basic, mainiacjoe_overflow_brackets, serial_co_window_serial,
          co_window_of_opportunity_a, co_window_paths_a, co_window_paths_a,
          co_window_corner_a, co_window_paths_a, co_window_2corner,
          co_window_of_opportunity_b, co_window_corner_b, co_window_paths_c,
          co_window_2corner, co_window_broadway_a, co_window_4corner_b,
          glass_columns_a, glass_columns_b, glass_columns_a, glass_columns_a,
          glass_columns_b
D:4:      layout_basic, grunt_temple_overflow_growth_and_decay,
          minmay_temple_entry_glassed_door, portal_sewer_entry_b, uniq_robin

Skill      XL: |  1  2  3  4 |
---------------+-------------+-----
Maces & Flails | 3 4 |  4.1
Dodging        | 3 |  3.4
Fighting       | 5 |  5.1

Action                   |  1- 3 |  4- 6 || total
-------------------------+-------+-------++-------
Melee: Mace              |    77 |    80 ||   157
       Punch             |     1 |       ||     1
Invok: Berserk           |     1 |     1 ||     2
       Trog's Hand       |       |     1 ||     1
  Use: Scroll            |       |     6 ||     6
Armor: Animal skin       |    19 |    40 ||    59
Dodge: Dodged            |    43 |    63 ||   106
